 Dungeon Crawl Stone Soup version 0.20.1-1-g8b1a95d (webtiles) character file.

60 t3hbunneh the Skirmisher (level 3, 0/30 HPs)
             Began as a Demonspawn Fighter on Oct 27, 2017.
             Slain by an adder (4 damage)
             ... on level 2 of the Dungeon.
             The game lasted 00:02:46 (1207 turns).

t3hbunneh the Skirmisher (Demonspawn Fighter)       Turns: 1207, Time: 00:02:46

Health: 0/30       AC:  8    Str: 17    XL:     3   Next: 80%
Magic:  3/3        EV:  6    Int:  9    God:
Gold:   40         SH:  8    Dex: 12    Spells: 2/2 levels left

rFire    . . .     SeeInvis .   a - +0 flail
rCold    . . .     Gourm    .   c - +0 shield
rNeg     . . .     Faith    .   b - +0 scale mail
rPois    .         Spirit   .   (no helmet)
rElec    .         Reflect  .   (no cloak)
rCorr    .         Harm     .   (no gloves)
MR       .....                  (no boots)
Stlth    ..........             (no amulet)
Regen    0.1/turn               (no ring)
MPRegen  0.1/turn               (no ring)

@: lethally poisoned (0 -> -2)
A: iridescent scales 1, rot immunity
a: no special abilities


You were on level 2 of the Dungeon.
You were very hungry.

You visited 1 branch of the dungeon, and saw 2 of its levels.

You collected 40 gold pieces.

Inventory:

Hand Weapons
 a - a +0 flail (weapon)
Armour
 b - a +0 scale mail (worn)
 c - a +0 shield (worn)
Jewellery
 j - a cursed -4 ring of dexterity {unknown}
Scrolls
 e - a scroll of fear {unknown}
 i - 2 scrolls of identify {unknown}
 l - a scroll of immolation {unknown}
 n - a scroll of remove curse {unknown}
Potions
 d - a potion of might
 g - a potion of curing {unknown}
 k - 4 potions of berserk rage {unknown}
 m - a potion of haste {unknown}
Comestibles
 f - 2 bread rations
 h - 6 fruits


   Skills:
 + Level 4.0 Fighting
 + Level 2.6 Maces & Flails
 - Level 2.8 Armour
 - Level 2.7 Shields


You had 2 spell levels left.
You didn't know any spells.

Dungeon Overview and Level Annotations

Branches:
Dungeon (2/15)

Altars:

Annotations:
D:2 Natasha


Innate Abilities, Weirdness & Mutations

You are partially covered in iridescent scales. (AC +2)
You are immune to rotting.


Message History

The adder bites you but does no damage. You block the adder's attack.
You closely miss the adder.
You feel sick. The adder bites you.
* * * LOW HITPOINT WARNING * * *
The adder bites you.
* * * LOW HITPOINT WARNING * * *
You hit the adder but do no damage. The adder bites you but does no damage.
You miss the adder.
You feel sick.
The adder bites you but does no damage. x2
You closely miss the adder. The adder bites you.
* * * LOW HITPOINT WARNING * * *
You block the adder's attack.
You miss the adder. You block the adder's attack.
The adder bites you but does no damage.
Natasha, Servant of Life and Death comes into view.
You miss the adder.
You feel sick.
Natasha hisses angrily.
The adder barely misses you. The adder bites you but does no damage.
You sock the adder!
The adder is almost dead.
The adder bites you.
You die...

.......#####.##.#..####
................#.....
.......####..........
#.................
#.....#########.##
#####$....#####
......?........
#####.S.....!..
##@...h.... #.........
#.!....... +.........
#....##### ######


You could see Natasha and an adder.

Vanquished Creatures
  Natasha (D:2)
  2 dart slugs (D:1)
  2 leopard geckos (D:1)
  3 bats (D:1)
  6 goblins (D:1)
  A hobgoblin (D:1)
  4 jackals (D:1)
  4 kobolds (D:1)
  2 frilled lizards (D:1)
  2 rats (D:1)
27 creatures vanquished.

Notes
Turn   | Place    | Note
-------+----------+-------------------------------------------
     0 | D:1      | t3hbunneh the Demonspawn Fighter began the quest for the Orb.
     0 | D:1      | Reached XP level 1. HP: 18/18 MP: 1/1
   375 | D:1      | Gained mutation: You are immune to rotting. [demonic ancestry]
   375 | D:1      | Reached XP level 2. HP: 24/24 MP: 2/2
   855 | D:1      | Gained mutation: You are partially covered in iridescent scales. (AC +2) [demonic ancestry]
   855 | D:1      | Reached XP level 3. HP: 26/29 MP: 3/3
  1186 | D:2      | Noticed Natasha
  1195 | D:2      | Killed Natasha
  1195 | D:2      | Reached skill level 4 in Fighting
  1206 | D:2      | Noticed Natasha
  1207 | D:2      | Slain by an adder

Skill      XL: |  1  2  3 |
---------------+----------+-----
Maces & Flails | 2 |  2.6
Fighting       | 4 |  4.0
Armour         | |  2.8
Shields        | |  2.7

Action                   || total
-------------------------++-------
Melee: Flail             ||   142
Armor: Scale mail        ||    78
Dodge: Dodged            ||    35
Block: Shield            ||    84
